 Dungeon Crawl Stone Soup version 0.24.0-1-gfbc8707122 (webtiles) character file.

Game seed: 8121595871907186355, levelgen mode: deterministic

620 Shavain the Bolt Thrower (level 7, 0/55 HPs)
             Began as a Formicid Hunter on Oct 27, 2019.
             Slain by a fire bat (3 damage)
             ... on level 1 of the Abyss.
             The game lasted 00:13:18 (3974 turns).

Shavain the Bolt Thrower (Formicid Hunter)          Turns: 3974, Time: 00:13:19

Health: 0/55       AC:  5    Str: 18    XL:     7   Next: 74%
Magic:  7/7        EV: 11    Int: 11    God:
Gold:   296        SH:  0    Dex: 11    Spells: 6/6 levels left

rFire    + . .     SeeInvis +   u - +0 falchion (freeze)
rCold    . . .     Gourm    .   (no shield)
rNeg     . . .     Faith    .   r - +0 ring mail
rPois    .         Spirit   .   (helmet unavailable)
rElec    .         Reflect  .   (no cloak)
rCorr    .         Harm     .   (no gloves)
MR       .....                  (no boots)
Stlth    +.........             (no amulet)
HPRegen  0.18/turn              s - ring of protection from fire
MPRegen  0.10/turn              (no ring)

@: drained
A: permanent stasis, dig shafts and tunnels, four strong arms, antennae 3
a: Dig, Shaft Self


You were on level 1 of the Abyss.
You were hungry.

You visited 1 branch of the dungeon, and saw 4 of its levels.
You visited the Abyss 1 time.

You collected 296 gold pieces.

Inventory:

Hand Weapons
 a - a +1 hand crossbow
 b - a +0 short sword
 m - a +0 club
 q - a +0 mace
 u - a +0 falchion of freezing (weapon)
 H - a +2 quarterstaff of chaos
Missiles
 d - 31 bolts
 e - 115 stones (quivered)
Armour
 c - a +0 leather armour
 r - a +0 ring mail (worn)
 y - a cursed -1 chain mail
 I - a +0 cloak
Jewellery
 s - a ring of protection from fire (left hand)
Wands
 z - a wand of paralysis (5)
 A - a wand of digging (5)
 G - a wand of flame (17)
Scrolls
 g - 2 scrolls of teleportation {unknown}
 h - 3 scrolls of identify {unknown}
 j - 2 scrolls of amnesia {unknown}
 k - 4 scrolls of remove curse {unknown}
 o - a scroll of blinking {unknown}
 t - a scroll of fog {unknown}
 w - a scroll of immolation {unknown}
 x - a scroll of enchant weapon {unknown}
 B - a scroll of enchant armour {unknown}
Potions
 i - 2 potions of curing {@q1}
 l - 2 potions of brilliance {unknown}
 n - 3 potions of agility {unknown}
 p - 2 potions of heal wounds {unknown}
 v - a potion of flight {unknown}
 C - a potion of invisibility {unknown}
 D - a potion of might {unknown}
 E - 2 potions of magic {unknown}
Comestibles
 f - 9 rations


   Skills:
 + Level 4.7(3.6) Fighting
 + Level 0.5(0.0) Maces & Flails
 + Level 5.5(4.3) Crossbows
 + Level 4.0(2.9) Armour
 + Level 3.8(2.7) Dodging
 - Level 1.2(0.2) Stealth


You had 6 spell levels left.
You didn't know any spells.
Your spell library was empty.

Dungeon Overview and Level Annotations

Branches:
Dungeon (4/15)
 Temple: D:4-7

Altars:
Cheibriados
Dithmenos
Fedhas
Gozag
Kikubaaqudgha
Ru
Xom
Yredelemnul

Annotations:
D:4 Zaque's ghost, amateur TrHu


Innate Abilities, Weirdness & Mutations

You cannot be hasted, slowed, berserked, paralysed or teleported.
You can dig through walls and to a lower floor.
Your four strong arms can wield two-handed weapons with a shield.
You have a pair of large antennae on your head. (SInv)


Message History

The hellion gives a hideous shriek!
The fire bat bites you but does no damage.
It was a potion of curing.
You feel better. The fire bat misses you.
You riposte.
You barely miss the fire bat.
The fire bat is almost dead.
The hellion hits you!
* * * LOW HITPOINT WARNING * * *
You miss the fire bat.
The fire bat is almost dead.
The fire bat barely misses you.
The hellion hits you but does no damage.
The fire bat closely misses you.
You riposte.
You hit the fire bat but do no damage.
The fire bat is almost dead.
The hellion hits you.
* * * LOW HITPOINT WARNING * * *
The fire bat bites you.
* * * LOW HITPOINT WARNING * * *
You are engulfed in flames.
You resist.
You die...

##.# ##..#####
#.......###
#.....#!..##.
#........#..#
.#.# ## #....#..#
......###2.......
......#......#...
.#..#.##@..##...#
.. ...#b###..#...
# .###.# #.# . ..
... ... # ##. #..
.. #. .. ##.


You could see a hellion and a fire bat.

Vanquished Creatures
  Grinder (D:4)
  A phantom (D:4)
  A big kobold (D:4)
  Crazy Yiuf (D:4)
  2 orc priests (D:4)
  2 orc wizards (D:4)
  Ijyb (D:3)
  4 adders
  3 oozes
  3 worms
  2 dart slugs
  2 leopard geckos (D:1)
  2 orcs (D:4)
  A bat (D:1)
  5 giant cockroaches
  6 goblins
  7 hobgoblins (D:1)
  2 quokkas (D:3)
  3 ball pythons
  4 frilled lizards
  7 kobolds
  8 rats
68 creatures vanquished.

Vanquished Creatures (others)
  A fungus (D:4)
  3 plants (D:4)
4 creatures vanquished.

Grand Total: 72 creatures vanquished

Notes
Turn   | Place    | Note
-------+----------+-------------------------------------------
     0 | D:1      | Shavain the Formicid Hunter began the quest for the Orb.
     0 | D:1      | Reached XP level 1. HP: 16/16 MP: 1/1
    62 | D:1      | Reached XP level 2. HP: 21/23 MP: 2/2
   179 | D:1      | Reached skill level 1 in Armour
   309 | D:1      | Reached XP level 3. HP: 28/28 MP: 3/3
  1714 | D:2      | Reached XP level 4. HP: 32/34 MP: 4/4
  1943 | D:3      | Noticed Ijyb
  1948 | D:3      | Killed Ijyb
  2004 | D:3      | Found a basalt altar of Yredelemnul.
  2051 | D:3      | Reached XP level 5. HP: 41/41 MP: 5/5
  2315 | D:3      | Found a shadowy altar of Dithmenos.
  2339 | D:3      | Found an opulent altar of Gozag.
  2509 | D:4      | Noticed a phantom
  2532 | D:4      | Killed a phantom
  2532 | D:4      | Reached XP level 6. HP: 12/48 MP: 6/6
  2974 | D:4      | Found a runed translucent gate.
  2974 | D:4      | Noticed Zaque's ghost (amateur TrHu)
  2976 | D:4      | Found a runed translucent gate.
  2977 | D:4      | Found a runed translucent gate.
  3024 | D:4      | Reached skill level 5 in Crossbows
  3372 | D:4      | Noticed Grinder
  3394 | D:4      | Killed Grinder
  3394 | D:4      | Reached XP level 7. HP: 45/55 MP: 7/7
  3478 | D:4      | Found a runed translucent door.
  3479 | D:4      | Noticed Crazy Yiuf
  3496 | D:4      | Killed Crazy Yiuf
  3810 | D:4      | Found a basalt altar of Yredelemnul.
  3812 | D:4      | Found an ancient bone altar of Kikubaaqudgha.
  3812 | D:4      | Found a shimmering altar of Xom.
  3814 | D:4      | Found a sacrificial altar of Ru.
  3814 | D:4      | Found a blossoming altar of Fedhas.
  3814 | D:4      | Found a snail-covered altar of Cheibriados.
  3927 | D:4      | Cast into level 1 of the Abyss (big kobold)
  3946 | Abyss:1  | Noticed a fire bat
  3970 | Abyss:1  | Noticed a hellion
  3974 | Abyss:1  | Slain by a fire bat

Levels and vault maps discovered:
D:1:      erik_arrival_gehennom, layout_basic, minmay_box_of_dots
D:2:      layout_rooms, first_ration
D:3:      layout_rooms, nicolae_dithmenos_through_a_glass_darkly,
          nicolae_overflow_crystal_walls, lemuel_doored_altar, uniq_ijyb
D:4:      layout_basic, doesnt_xom_only_xom, gammafunk_ghost_nasty_kobolds,
          uniq_crazy_yiuf_cottage, uniq_grinder
Abyss:1

Skill      XL: |  1  2  3  4  5  6  7 |
---------------+----------------------+-----
Dodging        | 2 3 |  3.8
Armour         | 1 2 3 4 |  4.0
Fighting       | 3 4 |  4.7
Crossbows      | 5 |  5.5
Maces & Flails | |  0.5
Stealth        | |  1.2

Action                   |  1- 3 |  4- 6 |  7- 9 || total
-------------------------+-------+-------+-------++-------
Melee: Short sword       |   113 |       |       ||   113
       Falchion          |     2 |    77 |    19 ||    98
       Quarterstaff      |       |       |     5 ||     5
 Fire: Hand crossbow     |     4 |    26 |     8 ||    38
Throw: Stone             |    39 |     3 |     2 ||    44
  Use: Potion            |       |       |     1 ||     1
 Stab: Sleeping          |     4 |       |       ||     4
  Eat: Chunk             |     3 |     5 |     1 ||     9
Armor: Leather armour    |    23 |       |       ||    23
       Ring mail         |       |    32 |     6 ||    38
       Skin              |       |       |     3 ||     3
Dodge: Dodged            |    70 |    46 |    20 ||   136
       Rpst.: Falchion   |       |    12 |     7 ||    19
